 Dungeon Crawl Stone Soup version 0.17.0-28-g6e173f8 (webtiles) character file.

308 Shizoidos the Shield-Bearer (level 6, -4/53 HPs)
             Began as a Minotaur Fighter on Nov 23, 2015.
             Slain by an ogre
             ... wielding a +0 giant spiked club
              (25 damage)
             ... on level 4 of the Dungeon.
             The game lasted 00:08:49 (2019 turns).

Shizoidos the Shield-Bearer (Minotaur Fighter)      Turns: 2019, Time: 00:08:53

Health: -4/53      AC:  8    Str: 22    XL:     6   Next: 16%
Magic:  14/14      EV:  8    Int:  5    God:
Gold:   168        SH: 10    Dex: 10    Spells: 0 memorised, 5 levels left

rFire  . . .     SeeInvis .     a - +1 war axe
rCold  . . .     Clarity  .     b - +1 scale mail
rNeg   . . .     SustAt   .     c - +0 shield
rPois  .         Gourm    .     (helmet restricted)
rElec  .         Spirit   .     (no cloak)
rCorr  .         Warding  .     (no gloves)
rMut   .         Stasis   .     (no boots)
MR     .....                    (no amulet)
Stlth  ..........               (no ring)
                                r - ring of magical power

@: not resistant to hostile enchantments, extremely unstealthy
A: retaliatory headbutt, horns 2
a: no special abilities


You were on level 4 of the Dungeon.
You were not hungry.

You visited 1 branch of the dungeon, and saw 4 of its levels.

You collected 168 gold pieces.

Inventory:

Hand Weapons
 a - a +1 war axe (weapon)
 h - a +0 morningstar
Armour
 b - a +1 scale mail (worn)
 c - a +0 shield (worn)
 k - a +0 scale mail
Jewellery
 m - a cursed ring of teleportation {unknown}
 r - a ring of magical power (left hand)
Scrolls
 g - a scroll of fear {unknown}
 i - a scroll of blinking
 l - a scroll of identify
 q - 2 scrolls of amnesia {unknown}
 t - 5 scrolls of teleportation
 u - a scroll of fog
Potions
 d - a potion of might
 f - a potion of invisibility {unknown}
 j - 5 potions of heal wounds
 o - a potion of flight
 p - a potion of poison {unknown}
 s - a potion of brilliance {unknown}
Comestibles
 e - a bread ration
 n - 6 fruits
 v - a meat ration
 z - 2 beef jerkies


   Skills:
 + Level 4.7 Fighting
 + Level 4.0 Axes
 + Level 4.8 Armour
 + Level 1.9 Dodging
 + Level 0.5 Stealth
 + Level 5.6 Shields


You had 5 spell levels left.
You didn't know any spells.

Dungeon Overview and Level Annotations

Branches:
Dungeon (4/15)
 Temple: D:4-7

Altars:
Gozag


Innate Abilities, Weirdness & Mutations

You reflexively headbutt those who attack you in melee.
You have a pair of horns on your head.


Message History

You hit the ogre but do no damage. You headbutt the ogre.
The ogre is moderately wounded.
You hit the giant gecko but do no damage.
You block the giant gecko's attack. The giant gecko barely misses you.
You block the ogre's attack.
There are monsters nearby!
You slash the ogre!
The ogre is heavily wounded.
You barely miss the giant gecko. The giant gecko bites you.
The ogre hits you with a giant spiked club.
You block the giant gecko's attack.
There are monsters nearby!
There are monsters nearby!
Your shield and scale mail prevent you from hitting the ogre.
Your headbutt misses the ogre.
The ogre is heavily wounded.
Your scale mail prevents you from hitting the giant gecko.
You block the giant gecko's attack.
The ogre hits you with a giant spiked club!!
You die...

####..#####
........# #...## ..
....#..## #.### .#
. .###.. #.# ..#..
#.# #
##.######..... #
#..#...#.....# #
#.#......(...# #
#......l...<.. #
#.....@O..%... ..
#.....(....... ##.
##.#...........
#.##..
#####......>#......
......
#..........###.....
...##. #..........#
#.... ......
#..........# ....
...... #.>........#
... ......
############ ......


You could see an ogre and a giant gecko.

Vanquished Creatures
  The ghost of Shizoidos the Chopper, a weakling MiGl (D:3)
  An orc priest (D:4)
  A jelly (D:3)
  2 iguanas
  A worker ant (D:4)
  5 adders
  3 oozes (D:1)
  2 giant geckos
  7 orcs
  10 bats
  2 giant cockroaches
  11 goblins
  8 hobgoblins
  5 kobolds
  4 giant newts
  8 rats
71 creatures vanquished.

Notes
Turn   | Place    | Note
--------------------------------------------------------------
     0 | D:1      | Shizoidos the Minotaur Fighter began the quest for the Orb.
     0 | D:1      | Reached XP level 1. HP: 19/19 MP: 0/0
    65 | D:1      | Reached skill level 4 in Shields
    67 | D:1      | Reached XP level 2. HP: 20/27 MP: 1/1
   224 | D:1      | Reached XP level 3. HP: 30/33 MP: 2/2
   646 | D:2      | Found an opulent altar of Gozag.
   872 | D:2      | Reached XP level 4. HP: 40/40 MP: 3/3
  1335 | D:3      | Reached skill level 1 in Dodging
  1467 | D:3      | Found a faded altar to an unknown god.
  1475 | D:3      | Reached XP level 5. HP: 47/47 MP: 4/4
  1598 | D:3      | Noticed Shizoidos's ghost (weakling MiGl)
  1610 | D:3      | Killed Shizoidos's ghost
  1610 | D:3      | Reached skill level 5 in Shields
  1966 | D:4      | Reached XP level 6. HP: 29/53 MP: 5/5
  2013 | D:4      | Noticed an ogre
  2019 | D:4      | Slain by an ogre

Action                   |  1- 3 |  4- 6 || total
-------------------------+-------+-------++-------
Melee: War axe           |    74 |   116 ||   190
  Use: Scroll            |       |    10 ||    10
       Potion            |       |     7 ||     7
 Stab: Sleeping          |       |     1 ||     1
  Eat: Meat ration       |       |     1 ||     1
